 Dungeon Crawl Stone Soup version 0.20.1-1-g8b1a95d (webtiles) character file.

20602 Fisto the Severer (level 12, -10/112 HPs)
             Began as a Minotaur Fighter on Nov 23, 2017.
             Was a High Priest of the Shining One.
             Killed by divine providence
             ... invoked by an orc priest
              (12 damage)
             ... on level 1 of the Orcish Mines.
             The game lasted 01:19:51 (13667 turns).

Fisto the Severer (Minotaur Fighter)               Turns: 13667, Time: 01:19:52

Health: -10/112    AC: 20    Str: 29 (31) XL:     12   Next: 46%
Magic:  0/11       EV: 10    Int:  2 (5)  God:    the Shining One [*****.]
Gold:   576        SH:  0    Dex: 10 (11) Spells: 11/11 levels left

rFire    . . .     SeeInvis .   L - +4 battleaxe
rCold    . . .     Gourm    .   (shield currently unavailable)
rNeg     + + .     Faith    .   M - +0 plate armour
rPois    .         Spirit   +   (helmet restricted)
rElec    .         Reflect  .   E - +0 cloak
rCorr    .         Harm     .   O - +0 pair of gloves
MR       +....                  P - +1 pair of boots
Stlth    ..........             a - amulet of guardian spirit
Regen    0.3/turn               G - +6 ring of strength
MPRegen  0.2/turn               (no ring)

@: very slightly contaminated, glowing, drained
A: retaliatory headbutt, horns 2, talons 1, magic resistance 1
a: Divine Shield, Cleansing Flame, Summon Divine Warrior, Renounce Religion


You were on level 1 of the Orcish Mines.
You worshipped the Shining One.
The Shining One was extremely pleased with you.
You were hungry.

You visited 2 branches of the dungeon, and saw 14 of its levels.
You also visited: Sewer.

You collected 846 gold pieces.
You spent 270 gold pieces at shops.

Inventory:

Hand Weapons
 k - a +1 hunting sling
 z - a +0 blowgun
 H - a +2 antimagic trident
 L - a +4 battleaxe (weapon)
Missiles
 l - 125 sling bullets
 p - 7 curare-tipped needles
 y - 45 poisoned needles
 D - 9 tomahawks (quivered)
 J - 2 javelins
Armour
 c - a +0 shield
 v - +0 ice dragon scales
 E - a +0 cloak (worn)
 F - a +1 ring mail of poison resistance
 M - a +0 plate armour (worn)
 O - a +0 pair of gloves (worn)
 P - a +1 pair of boots (worn)
Jewellery
 a - an amulet of guardian spirit (around neck)
 G - a +6 ring of strength (left hand)
Wands
 S - a wand of iceblast (7/15)
Scrolls
 t - 3 scrolls of identify
 B - a scroll of recharging
 R - a scroll of remove curse
Potions
 b - 2 potions of cancellation
 h - a potion of resistance
Books
 d - a book of Battle

   Spells                             Type                      Level
   a - Infusion                       Charms                       1
   b - Shroud of Golubria             Charms/Translocation         2
   c - Song of Slaying                Charms                       2
   d - Spectral Weapon                Hexes/Charms                 3
   e - Regeneration                   Charms/Necromancy            3
Comestibles
 f - 10 bread rations
 j - 6 royal jellies
 m - 9 fruits
 o - 6 meat rations


   Skills:
 + Level 11.8(11.7) Fighting
 + Level 15.4 Axes
 + Level 3.6(10.9) Polearms
 + Level 7.2(7.5) Slings
 + Level 3.4(5.3) Throwing
 + Level 10.4(10.2) Armour
 + Level 4.9(4.7) Dodging
 - Level 4.7(4.6) Shields
 + Level 0.4(0.2) Invocations


You had 11 spell levels left.
You didn't know any spells.

Dungeon Overview and Level Annotations

Branches:
Dungeon (12/15)              Lair (0/6) D:8             Orc (2/2) D:11
    Elf (0/3) Orc:2
 Temple: D:4-7

Altars:
Ashenzari
Makhleb
Ru
Sif Muna
Vehumet
Xom
Zin
The Shining One

Shops:
D:5 %   D:8 :   D:10 [

Annotations:
D:11 1 runed door, exclusion: 4 orange crystal statues
D:12 tradjik's ghost, journeyman GrBe


Innate Abilities, Weirdness & Mutations

You reflexively headbutt those who attack you in melee.
You have a pair of horns on your head.
You have sharp toenails.
You are resistant to hostile enchantments. (MR+)


Message History

There is a stone staircase leading down here.
The orc shouts!
You hit the orc warrior.
The orc warrior is lightly wounded.
You slice the orc!!
You kill the orc!
You slice the warg!!
The orc wizard miscasts a cantrip.
The warg bites you.
* * * LOW HITPOINT WARNING * * *
The cyclops throws a large rock.
The large rock completely misses you.
An orc warrior and an orc wizard come into view.
The orc warrior shouts!
The orc wizard shouts!
You slash the orc warrior!
The orc warrior is severely wounded.
You hit the warg.
The orc warrior hits you but does no damage.
The orc priest calls down the wrath of Beogh upon you.
Beogh smites you!
You die...

$. #.......o.
... ....$....#
....##.....C.o#
....#..........
..........o....
....o........o.
.....o.).......
.......@o....#
......h..o.....
...o..(........
$..............
...............
.#.........#.##
###.......###
........o


You could see a cyclops, a warg, 3 orc warriors, an orc priest, 3 orc wizards
and 3 orcs.

Vanquished Creatures
  5 two-headed ogres
  The ghost of solaricas the Severer, a novice MiBe of Trog (D:9)
  4 skeletal warriors (D:11)
  2 ugly things (D:11)
  A deep elf mage (D:10)
  2 orc knights (Orc:2)
  A manticore (D:11)
  2 centaur zombies (D:11)
  A gargoyle (D:8)
  3 trolls
  The ghost of solaricas the Cleaver, an amateur MiBe of Trog (D:4)
  A slime creature (D:6)
  A hippogriff (D:8)
  A shadow (D:11)
  8 yaks
  A wyvern (D:10)
  2 hungry ghosts
  2 steam dragons
  13 wargs
  A water moccasin (D:11)
  13 orc warriors
  2 porcupines (D:8)
  4 ice beasts
  4 sky beasts
  An eye of draining (D:8)
  3 black bears
  5 ogres
  A centaur (D:9)
  3 necrophages
  2 bullfrogs
  A gnoll sergeant (D:8)
  7 scorpions
  3 killer bees
  3 wights (D:11)
  4 howler monkeys
  9 crimson imps
  2 bullfrog zombies
  8 hounds
  13 orc priests
  6 jellies
  3 gnoll shamans
  3 bullfrog skeletons
  11 orc wizards
  4 iguanas
  9 worker ants
  A killer bee zombie (D:6)
  3 hound skeletons
  A mummy (D:11)
  A worker ant zombie (D:8)
  A howler monkey zombie (D:8)
  15 adders
  26 gnolls
  3 shadow imps
  15 oozes
  2 adder skeletons
  3 worms
  2 dart slugs
  3 leopard geckos
  60 orcs
  7 bats
  7 giant cockroaches
  9 hobgoblins
  15 jackals
  5 quokkas
  7 ball pythons
  A ball python skeleton (D:4)
  7 frilled lizards
  10 goblins
  A jackal skeleton (D:5)
  A jackal zombie (D:5)
  16 kobolds
  A leopard gecko skeleton (D:5)
  A quokka skeleton (D:6)
  6 rats
  2 withered plants (D:11)
409 creatures vanquished.

Vanquished Creatures (others)
  A bullfrog (D:10)
  20 fungi
  4 plants (D:8)
25 creatures vanquished.

Grand Total: 434 creatures vanquished

Notes
Turn   | Place    | Note
-------+----------+-------------------------------------------
     0 | D:1      | Fisto the Minotaur Fighter began the quest for the Orb.
     0 | D:1      | Reached XP level 1. HP: 19/19 MP: 0/0
   243 | D:1      | Reached XP level 2. HP: 27/27 MP: 1/1
   921 | D:2      | Found a deep blue altar of Sif Muna.
   923 | D:2      | Found a shimmering altar of Xom.
   925 | D:2      | Found a glowing silver altar of Zin.
  1093 | D:2      | Reached XP level 3. HP: 33/33 MP: 2/2
  1355 | D:2      | Found a shattered altar of Ashenzari.
  1616 | D:2      | Reached XP level 4. HP: 16/40 MP: 3/3
  2326 | D:2      | Found a glowing golden altar of the Shining One.
  2335 | D:2      | Became a worshipper of the Shining One
  2756 | D:3      | Reached skill level 3 in Axes
  2896 | D:3      | Reached skill level 1 in Slings
  2896 | D:3      | Reached XP level 5. HP: 47/47 MP: 4/4
  3474 | D:4      | Reached skill level 5 in Armour
  3483 | D:4      | Noticed solaricas's ghost (amateur MiBe)
  3528 | D:4      | Killed solaricas's ghost
  3528 | D:4      | Reached skill level 5 in Fighting
  3528 | D:4      | Reached XP level 6. HP: 45/56 MP: 5/5
  3699 | D:4      | Reached skill level 5 in Slings
  3979 | D:4      | Reached XP level 7. HP: 61/61 MP: 6/6
  4338 | D:4      | Reached * piety under the Shining One
  4574 | D:5      | Entered Level 5 of the Dungeon
  4589 | D:5      | Found Tynner's Food Boutique.
  4597 | D:5      | Reached skill level 1 in Dodging
  4607 | D:5      | Bought a bread ration for 60 gold pieces
  4607 | D:5      | Bought a bread ration for 60 gold pieces
  4833 | D:5      | Reached skill level 4 in Axes
  5110 | D:5      | Reached skill level 5 in Axes
  5193 | D:5      | Reached skill level 1 in Throwing
  5628 | D:5      | Reached XP level 8. HP: 70/70 MP: 7/7
  5756 | D:5      | Reached skill level 6 in Axes
  5917 | D:5      | Reached ** piety under the Shining One
  6106 | D:5      | Bought a royal jelly for 24 gold pieces
  6442 | D:6      | Reached skill level 7 in Axes
  6568 | D:6      | Found a glowing drain.
  6595 | Sewer    | Entered a sewer
  7176 | D:6      | Reached skill level 8 in Axes
  7316 | D:6      | Noticed a slime creature
  7323 | D:6      | Killed a slime creature
  7323 | D:6      | Reached XP level 9. HP: 47/78 MP: 8/8
  7544 | D:7      | Reached skill level 9 in Axes
  7579 | D:7      | You fall through a shaft for 3 floors!
  7579 | D:10     | Entered Level 10 of the Dungeon
  7579 | D:10     | Reached *** piety under the Shining One
  7581 | D:10     | Noticed a two-headed ogre
  7581 | D:10     | Noticed a troll
  7757 | D:8      | Noticed a gargoyle
  7763 | D:8      | Killed a gargoyle
  7763 | D:8      | Reached skill level 10 in Axes
  7768 | D:8      | Found Nienioc's Book Emporium.
  8288 | D:8      | Reached skill level 11 in Axes
  8438 | D:8      | Reached XP level 10. HP: 86/88 MP: 3/9
  8566 | D:8      | Reached skill level 1 in Polearms
  8574 | D:8      | Found a staircase to the Lair.
  8685 | D:8      | Reached **** piety under the Shining One
  8830 | D:8      | Found a burning altar of Makhleb.
  8988 | D:9      | Noticed a two-headed ogre
  8989 | D:9      | Noticed solaricas's ghost (novice MiBe)
  8995 | D:9      | The Shining One protects you from harm!
  8997 | D:9      | Killed solaricas's ghost
  8997 | D:9      | HP: 6/135 [two-headed ogre/dire flail (10)]
  8998 | D:9      | Killed a two-headed ogre
  8998 | D:9      | Reached skill level 12 in Axes
  9844 | D:9      | Noticed a two-headed ogre
  9852 | D:9      | Killed a two-headed ogre
  9852 | D:9      | Reached XP level 11. HP: 69/97 MP: 10/10
  9856 | D:9      | Noticed a two-headed ogre
  9884 | D:9      | Killed a two-headed ogre
  9884 | D:9      | Reached skill level 13 in Axes
 10413 | D:9      | Found a sacrificial altar of Ru.
 10746 | D:10     | Found Sisuruq's Antique Armour Emporium.
 10765 | D:10     | Bought a pair of gloves for 126 gold pieces
 10851 | D:10     | Noticed a deep elf mage
 10872 | D:10     | Killed a deep elf mage
 10978 | D:10     | Killed a two-headed ogre
 10978 | D:10     | Reached skill level 10 in Fighting
 11206 | D:11     | Noticed a purple ugly thing
 11206 | D:11     | Noticed a skeletal warrior
 11208 | D:11     | Noticed a skeletal warrior
 11209 | D:11     | Noticed a skeletal warrior
 11219 | D:11     | Killed a purple ugly thing
 11239 | D:11     | Killed a skeletal warrior
 11246 | D:11     | Killed a skeletal warrior
 11256 | D:11     | Killed a skeletal warrior
 11256 | D:11     | Reached skill level 14 in Axes
 11666 | D:11     | Reached ***** piety under the Shining One
 11689 | D:11     | Noticed a skeletal warrior
 11703 | D:11     | Killed a skeletal warrior
 11891 | D:11     | Noticed a brown ugly thing
 11900 | D:11     | Killed a brown ugly thing
 12059 | D:11     | Found a staircase to the Orcish Mines.
 12089 | D:11     | Reached XP level 12. HP: 110/110 MP: 11/11
 12142 | D:11     | Found a runed door.
 12154 | D:11     | Found a runed door.
 12399 | D:11     | Noticed a two-headed ogre
 12402 | D:11     | Killed a two-headed ogre
 12447 | D:12     | Noticed tradjik's ghost (journeyman GrBe)
 12498 | Orc:1    | Entered Level 1 of the Orcish Mines
 12510 | Orc:1    | Reached skill level 10 in Armour
 12640 | Orc:1    | Reached skill level 15 in Axes
 12855 | Orc:2    | Entered Level 2 of the Orcish Mines
 12867 | Orc:2    | Found a radiant altar of Vehumet.
 12960 | Orc:2    | Found a staircase to the Elven Halls.
 13009 | Orc:2    | HP: 3/110 [orc warrior/glaive (33)]
 13010 | Orc:2    | The Shining One protects you from harm!
 13577 | Orc:2    | Noticed an orc warlord
 13581 | Orc:2    | HP: 3/112 [orc warrior/enchanted trident (15)]
 13612 | Orc:2    | Gained mutation: You have sharp toenails. [potion of mutation]
 13612 | Orc:2    | Gained mutation: You are resistant to hostile enchantments. (MR+) [potion of mutation]
 13629 | Orc:2    | HP: 2/112 [orc warrior/scimitar (10)]
 13661 | Orc:2    | HP: 4/112 [warg (4)]
 13666 | Orc:1    | HP: 2/112 [warg (4)]
 13667 | Orc:1    | Killed from afar by an orc priest

Skill      XL: |  1  2  3  4  5  6  7  8  9 10 11 12 |
---------------+-------------------------------------+-----
Shields        | 4 |  4.7
Armour         | 4 5 6 7 8 9 10 | 10.4
Fighting       | 4 5 6 8 9 11 | 11.8
Axes           | 3 5 8 11 12 14 15 | 15.4
Slings         | 1 4 5 6 7 |  7.2
Dodging        | 1 2 3 4 |  4.9
Throwing       | 1 2 3 |  3.4
Polearms       | 3 |  3.6
Invocations    | |  0.4

Action                   |  1- 3 |  4- 6 |  7- 9 | 10-12 || total
-------------------------+-------+-------+-------+-------++-------
Melee: War axe           |    98 |    49 |   315 |     1 ||   463
       Headbutt          |     9 |    11 |    56 |    69 ||   145
       Whip              |       |    14 |       |     1 ||    15
       Trident           |       |       |    25 |     4 ||    29
       Battleaxe         |       |       |       |   331 ||   331
 Fire: Hunting sling     |       |    60 |    17 |    56 ||   133
       Blowgun           |       |    15 |     7 |    18 ||    40
Throw: Tomahawk          |       |       |       |    52 ||    52
       Javelin           |       |       |       |     1 ||     1
Invok: Divine Shield     |       |       |       |     2 ||     2
  Use: Scroll            |     2 |       |    14 |    13 ||    29
       Potion            |       |     1 |     5 |    15 ||    21
  Eat: Chunk             |     2 |     7 |    10 |     7 ||    26
       Fruit             |       |       |     1 |       ||     1
       Bread ration      |       |       |     1 |     2 ||     3
       Meat ration       |       |       |       |     1 ||     1
Armor: Scale mail        |    56 |    36 |    22 |       ||   114
       Ring mail         |       |       |    53 |    17 ||    70
       Plate armour      |       |       |       |   152 ||   152
       Skin              |       |       |       |     5 ||     5
Dodge: Dodged            |    44 |    26 |    95 |   177 ||   342
Block: Shield            |    52 |    52 |   165 |     3 ||   272
       Other             |       |       |       |     9 ||     9
